AoeStats
← Seaside Jack

Arabia

510152424Analyzed
1v1 RM · 2d ago on Sep 29, 2026· 49m 27s· 2 players
Game mode
Random Map
Map size
Tiny (2 player)
Population
200
Speed
Normal
Resources
Standard
Victory
Conquest
Starting age
Dark Age
Ending age
Imperial Age
RankedLock teamsTeams togetherTeam positionsShared explorationLock speedFull tech treeHidden civsTurbo modeCheats
Victory
Defeat
🇹🇷 Inca · Türkiye
914
+17
🇭🇰 Teutons · Hong Kong SAR China
946
-17
Birusk
6:10 Loom
11:37 Feudal Age
19:34 Fletching
20:52 Gold Mining
20:48 Double-Bit Axe
22:00 Horse Collar
24:03 Wheelbarrow
34:44 Castle Age
32:48 Champi Runner
35:09 Champi Warrior
36:10 Squires
35:55 Arson
36:16 Town Watch
36:34 Stone Mining
37:24 Scale Mail Armor
39:51 Bow Saw
39:41 Heavy Plow
42:14 Forging
42:19 Stone Mining
43:40 Chain Mail Armor
46:34 Iron Casting
45:57 Pikeman
46:02 Pikeman
46:40 Bodkin Arrow
48:17 Stone Shaft Mining
48:17 Gold Shaft Mining
47:43 Heavy Plow
Seaside Jack
7:37 Loom
11:08 Feudal Age
12:17 Man-at-Arms
14:57 Stone Mining
21:18 Double-Bit Axe
24:46 Fletching
37:01 Forging
42:51 Castle Age
40:42 Horse Collar
42:11 Padded Archer Armor
42:54 Elite Skirmisher
43:02 Elite Skirmisher
Connection lost

Rejoining the realm…

Still unreachable

The connection could not be restored.

Session expired

The server has moved on; the page needs a fresh start.